Cogmind - Beta 12 @@@ ROGUE MODE // 2023.09.10 @ 19:10:44 Player: bogmind Result: Self-destructed Performance ------------- Evolutions (2) 1000 Regions Visited (4) 800 Robots Destroyed (34) 170 Value Destroyed (922) 922 Prototype IDs (2) 40 Alien Tech Used (0) 0 Bonus (-7) -7 TOTAL SCORE: 2925 Bonus ------- Friendly Fire -7 Cogmind --------- Core Integrity 26/550 Matter 172/300 Energy 100/100 System Corruption 0% Temperature Cool (9) Movement Core (1350) Ox26 Location -8/Materials Parts ------- > --- POWER (1) -------- (None) > --- PROPULSION (4) --- (None) > --- UTILITY (3) ------ Huge Storage Unit Transport Network Coupler > --- WEAPON (3) ------- (None) > --- INVENTORY (25) --- Heat Sink Heat Sink Advanced Weight Redist. System Signal Interpreter Peak State ------------ > --- POWER ------------ Improved Ion Engine > --- PROPULSION ------- Compact Wheel Compact Wheel Airjet > --- UTILITY ---------- Small Storage Unit Transport Network Coupler > --- WEAPON ----------- Light Assault Rifle Flak Cannon Mining Claw > --- INVENTORY -------- Ion Engine Heat Sink Advanced Weight Redist. System Sensor Array Signal Interpreter Small Laser Light Assault Rifle Mining Laser [Rating: 15] Favorites ----------- Power Light Ion Engine Engine Light Ion Engine Propulsion Wheel Wheel Wheel Hover Unit Airjet Utility Transport Network Coupler Device Sensor Array Storage Small Storage Unit Processor Transport Network Coupler Weapon Light Assault Rifle Energy Gun Beam Rifle Energy Cannon Beam Cannon Ballistic Gun Light Assault Rifle Ballistic Cannon Flak Cannon Special Weapon Mining Laser Impact Weapon Hammer Slashing Weapon Mining Claw Build | -11 -10 -10 -9 -8 ------- Run | Jun Mat Min Mat Mat Slots Evolved 4 | . . . 2 2 Power . | . . . . . Propulsion 2 | . . . 1 1 Utility 1 | . . . . 1 Weapon 1 | . . . 1 . Parts Attached 29 | 5 5 7 8 4 Power 4 | 1 . 1 2 . Engine 4 | 1 . 1 2 . Core . | . . . . . Reactor . | . . . . . Propulsion 9 | 2 2 3 2 . Treads . | . . . . . Leg . | . . . . . Wheel 8 | 2 2 2 2 . Hover 1 | . . 1 . . Flight . | . . . . . Utility 5 | 1 1 . 2 1 Device 1 | . . . . 1 Storage 3 | 1 . . 2 . Processor 1 | . 1 . . . Hackware . | . . . . . Protection . | . . . . . Artifact . | . . . . . Weapon 11 | 1 2 3 2 3 Energy Gun 1 | . . . . 1 Energy Cannon 1 | . 1 . . . Ballistic Gun 4 | 1 1 1 . 1 Ballistic Cannon 1 | . . 1 . . Launcher . | . . . . . Special Weapon 1 | . . . 1 . Impact Weapon 1 | . . . . 1 Slashing Weapon 2 | . . 1 1 . Piercing Weapon . | . . . . . Special Melee Weapon . | . . . . . Unidentified Prototypes . | . . . . . Parts Lost 17 | . 2 3 2 10 Power 3 | . . 1 1 1 Propulsion 6 | . 2 1 1 2 Utility 1 | . . . . 1 Weapon 7 | . . 1 . 6 Highest Loss Streak 10 | . 2 3 1 10 To Critical Strikes . | . . . . . Average Slot Usage (%) 89 | . 84 96 89 64 Engine 11 | . 14 12 10 5 Wheel 15 | . 26 15 13 5 Hover 8 | . . 10 11 6 Storage 12 | . 14 14 11 9 Processor 11 | . 8 14 11 9 Energy Cannon 1 | . 1 2 . . Ballistic Gun 13 | . 19 14 11 6 Ballistic Cannon 8 | . . 9 11 5 Special Weapon 1 | . . . 3 5 Slashing Weapon 3 | . . 2 7 . Naked Turns . | . . . . . Heaviest Build 96 | 11 14 15 95 96 Greatest Support 32 | 20 20 20 32 16 Greatest Overweight (x) 28 | . . 1 5 28 Average Overweight (x) 1 | . . . 1 6 Largest Inventory Capacity 25 | 8 8 8 25 25 Average Capacity 10 | 7 8 8 10 25 Most Carried 9 | 4 8 8 9 7 Average Carried 6 | . 5 6 7 6 Final Capacity 25 | 8 8 8 25 25 Final Carried 8 | . 6 6 8 4 Class Distribution -------------------- 79% | Mutant 10% | Skirmisher 5% | Scavenger-Mutant 4% | Scavenger-Skirmisher Dominant Class ---------------- Mutant | -10/Materials Mutant | -10/Mines Mutant | -9/Materials Scavenger-Skirmisher | -8/Materials Resources | -11 -10 -10 -9 -8 ----------- Run | Jun Mat Min Mat Mat Matter Collected 706 | 68 69 166 401 2 Remotely . | . . . . . Salvage Created 1051 | . 416 40 593 2 Parts 72 | . 29 6 37 . Haulers Intercepted 2 | . 2 . . . Recyclers Shooed . | . . . . . Parts Field Recycled . | . . . . . Retrieved Matter . | . . . . . Parts Self-Destructed . | . . . . . Prevented . | . . . . . Kills | -11 -10 -10 -9 -8 ------- Run | Jun Mat Min Mat Mat Combat Hostiles Destroyed 26 | . 8 3 14 1 Guns 12 | . 6 3 2 1 Cannons 14 | . 2 . 12 . Classes Destroyed 9 | . 3 1 4 1 Worker 2 | . . . 2 . Builder 1 | . . . 1 . Hauler 2 | . 2 . . . Recycler 1 | . . . 1 . Watcher 2 | . 1 . 1 . Swarmer 3 | . . 3 . . Grunt 20 | . 8 . 12 . Duelist 1 | . . . . 1 Sentry 2 | . . . 2 . Best Kill Streak 7 | . 7 3 6 1 Combat Bots Only 5 | . 5 3 5 1 Max Kills in Single Turn 2 | . 1 1 2 1 Gunslinging . | . . . . . Exploded . | . . . . . Melee . | . . . . . Uniques/NPCs Destroyed . | . . . . . Combat | -11 -10 -10 -9 -8 -------- Run | Jun Mat Min Mat Mat Damage Taken 2010 | . 295 272 389 1054 Core 753 | . 97 42 90 524 Absorbed by Shields . | . . . . . Core Remaining (%) 73 | 100 . 44 77 . Volleys Fired 117 | . 47 18 44 8 Largest 3 | . 2 2 2 3 Hottest 164 | . 80 80 64 164 Shots Fired 195 | . 72 20 88 15 Gun 141 | . 70 18 44 9 Cannon 53 | . 2 2 44 5 Launcher . | . . . . . Special 1 | . . . . 1 Kinetic 187 | . 70 18 88 11 Thermal 8 | . 2 2 . 4 Explosive . | . . . . . Electromagnetic . | . . . . . Robot Hit Streak 11 | . 10 6 11 4 Robot Miss Streak 14 | . 4 4 14 10 Penetration Max . | . . . . . Secondary Targets 1 | . 1 . . . Max Gunslinging Chain 1 | . 1 . . . Shots Hit Robots 129 | . 45 11 63 10 Core Hits 93 | . 23 5 57 8 Critical Kills 1 | . 1 . . . Critical Parts Destroyed . | . . . . . Critical Strikes 1 | . 1 . . . Destroy 1 | . 1 . . . Melee Attacks 3 | . . . 2 1 Impact 1 | . . . . 1 Slashing 2 | . . . 2 . Piercing . | . . . . . Sneak Attacks 2 | . . . 2 . Combat Hostiles . | . . . . . Follow-up Attacks . | . . . . . Damage Inflicted 1602 | . 421 88 925 168 Guns 683 | . 387 83 182 31 Cannons 770 | . 34 . 639 97 Explosions . | . . . . . Melee 110 | . . . 94 16 Ramming 15 | . . 5 10 . Kinetic 1404 | . 387 83 821 113 Thermal 73 | . 34 . . 39 Explosive . | . . . . . Electromagnetic . | . . . . . Impact 16 | . . . . 16 Slashing 94 | . . . 94 . Piercing . | . . . . . Highest Corruption 1 | . 1 1 . . Average Corruption 1 | . 1 1 . . Corruption Purged . | . . . . . Corruption Blocked . | . . . . . Effects 3 | . . 3 . . Matter Fused 1 | . . 1 . . Heat Flow Errors 1 | . . 1 . . Energy Discharges 1 | . . 1 . . Overload Shots . | . . . . . Overflow Damage 6 | . . . 6 . Projectiles . | . . . . . Explosions . | . . . . . Melee 6 | . . . 6 . Knockbacks 30 | . . . 26 4 Impact . | . . . . . Kinetic 28 | . . . 24 4 Secondary 2 | . . . 2 . Self-Inflicted Damage 7 | . . 2 5 . Shots . | . . . . . Rammed 3 | . . 2 1 . Targets Rammed 3 | . . 2 1 . Kicked . | . . . . . Crushed . | . . . . . Highest Temperature 268 | . 86 268 109 125 Average Temperature 40 | . 16 92 34 55 Received Heat Transfer 900 | . 162 . 189 549 Siege Activations . | . . . . . Robots Corrupted . | . . . . . Combat Hostiles . | . . . . . Parts Fried . | . . . . . Impact Corruptions . | . . . . . Robots Melted . | . . . . . Combat Hostiles . | . . . . . Parts Melted . | . . . . . Heat Transferred 161 | . 74 . . 87 Parts Sabotaged . | . . . . . Parts Stolen . | . . . . . Parts Stripped . | . . . . . Power Chain Reactions . | . . . . . Missiles Intercepted . | . . . . . Alert | -11 -10 -10 -9 -8 ------- Run | Jun Mat Min Mat Mat Peak Influence 357 | . 226 127 357 91 Initial 91 | . . 87 . 91 Average 95 | . 81 75 140 73 Maximum Alert Level 1 | . 1 . 1 . Low Security (%) 87 | 100 92 100 63 100 Level 1 12 | . 7 . 36 . Level 2 . | . . . . . Level 3 . | . . . . . Level 4 . | . . . . . Level 5 . | . . . . . High Security . | . . . . . Max Security . | . . . . . Squads Dispatched 7 | . 3 1 3 . Investigation 3 | . 1 1 1 . Extermination . | . . . . . Reinforcement 4 | . 2 . 2 . Assault . | . . . . . Garrison . | . . . . . Intercept . | . . . . . Searches Triggered . | . . . . . Construction Impeded 1 | . . . 1 . Haulers Reinforced . | . . . . . Active Scanning Responses . | . . . . . Cargo Convoy Interrupts . | . . . . . Stealth | -11 -10 -10 -9 -8 --------- Run | Jun Mat Min Mat Mat Distress Signals 4 | . . . 4 . Communications Jammed . | . . . . . Distress Signals . | . . . . . Times Spotted 43 | . 10 3 26 4 Peak Tracking Total 6 | . 4 3 6 4 Tactical Retreats 1 | . . . 1 . Traps | -11 -10 -10 -9 -8 ------- Run | Jun Mat Min Mat Mat Traps Triggered 2 | . 2 . . . Indirectly . | . . . . . Trap Hack Attempts . | . . . . . Triggered . | . . . . . Disarmed . | . . . . . Reprogrammed . | . . . . . Reused . | . . . . . Traps Extracted . | . . . . . Installed . | . . . . . Triggered . | . . . . . Machines | -11 -10 -10 -9 -8 ---------- Run | Jun Mat Min Mat Mat Machines Disabled . | . . . . . Max in Single Turn . | . . . . . Machines Repaired . | . . . . . Machines Sabotaged . | . . . . . Overloaded Fab Kills . | . . . . . Hacking | -11 -10 -10 -9 -8 --------- Run | Jun Mat Min Mat Mat Machines Accessed 4 | . 1 1 2 . Terminals 3 | . 1 . 2 . Fabricators . | . . . . . Repair Stations . | . . . . . Recycling Units . | . . . . . Scanalyzers . | . . . . . Garrison Access . | . . . . . Total Hacks 10 | . 3 1 6 . Successful 3 | . 2 1 . . Failed 7 | . 1 . 6 . Catastrophic 1 | . . . 1 . Database Lockouts . | . . . . . Manual . | . . . . . Terminals 9 | . 3 . 6 . Fabricators . | . . . . . Repair Stations . | . . . . . Recycling Units . | . . . . . Scanalyzers . | . . . . . Garrison Access . | . . . . . Terminal Hacks 3 | . 2 1 . . Prototype ID Bank 1 | . 1 . . . Open Door 1 | . . 1 . . Hauler Manifests 1 | . 1 . . . Fabricator Hacks . | . . . . . Repair Station Hacks . | . . . . . Recycling Unit Hacks . | . . . . . Scanalyzer . | . . . . . Garrison Access Hacks . | . . . . . Unauthorized Hacks . | . . . . . Terminals . | . . . . . Fabricators . | . . . . . Repair Stations . | . . . . . Recycling Units . | . . . . . Scanalyzers . | . . . . . Garrison Access . | . . . . . Data Cores Recovered . | . . . . . Used . | . . . . . Hacking Detections 3 | . 1 . 2 . Full Trace Events 3 | . 1 . 2 . Feedback Events . | . . . . . Feedback Blocked . | . . . . . Robot Schematics Acquired . | . . . . . Robots Built . | . . . . . Authchips . | . . . . . Time . | . . . . . Total Robot Build Rating . | . . . . . Part Schematics Acquired . | . . . . . Parts Built . | . . . . . Authchips . | . . . . . Time . | . . . . . Total Part Build Rating . | . . . . . Parts Repaired . | . . . . . Time . | . . . . . Parts Recycled . | . . . . . Recycled Matter . | . . . . . Retrieved Matter . | . . . . . Retrieved Components . | . . . . . Parts Scanalyzed . | . . . . . Part Schematics Acquired . | . . . . . Parts Damaged . | . . . . . Bothacking | -11 -10 -10 -9 -8 ------------ Run | Jun Mat Min Mat Mat Used RIF Installer . | . . . . . Robots Hacked . | . . . . . Non-combat . | . . . . . Combat . | . . . . . Robot Hacks Applied . | . . . . . Relay Couplers Released . | . . . . . Fabnet Peak Effective % . | . . . . . Robots Rewired . | . . . . . Allies Hacked . | . . . . . Hacks Repelled . | . . . . . Allies | -11 -10 -10 -9 -8 -------- Run | Jun Mat Min Mat Mat Total Allies . | . . . . . Largest Group . | . . . . . Highest-Rated Group . | . . . . . Highest-Rated Ally . | . . . . . Total Orders . | . . . . . Ally Attacks . | . . . . . Total Damage . | . . . . . Kills . | . . . . . Allies Corrupted . | . . . . . Allies Melted . | . . . . . Intel | -11 -10 -10 -9 -8 ------- Run | Jun Mat Min Mat Mat Robot Analysis Total . | . . . . . Derelict Logs Recovered 1 | . . 1 . . Drone Launches . | . . . . . Drone Recoveries . | . . . . . Exploration | -11 -10 -10 -9 -8 ------------- Run | Jun Mat Min Mat Mat Turns Passed 1479 | 33 220 615 486 125 Spaces Moved 935 | 34 123 517 221 40 Core 14 | 12 . . . 2 Treads . | . . . . . Legs . | . . . . . Wheels 444 | 22 123 133 128 38 Hover 477 | . . 384 93 . Flight . | . . . . . Fastest Speed 50 | 50 80 65 100 175 Average Speed 119 | 69 80 108 151 237 Slowest Speed 1450 | 80 80 125 185 1450 Overloaded Moves . | . . . . . Propulsion Burnouts . | . . . . . Robots Hopped . | . . . . . Cave-ins Triggered . | . . . . . Exploration Rate (%) 31 | 3 36 86 27 7 Regions Visited 4 Branch Regions 1 Pre-discovered Areas 1 | . . 1 . . Known Exits Taken . | . . . . . Unknown Exits Taken 4 | 1 1 1 1 . Scrap Searched 2 | . . 2 . . Spaces Dug . | . . . . . Terrain Destroyed . | . . . . . Melee . | . . . . . Projectile . | . . . . . AOE . | . . . . . Terrain Rammed . | . . . . . Walls Destroyed . | . . . . . Machines Disabled . | . . . . . Actions | -11 -10 -10 -9 -8 --------- Run | Jun Mat Min Mat Mat Total 1127 | 43 186 553 292 53 Wait . | . . . . . Move 931 | 33 122 516 220 40 Hop . | . . . . . Pick Up 32 | 5 11 6 10 . Fast Attach 1 | . . . 1 . Attach 23 | 5 5 5 4 4 Detach 1 | . . 1 . . Swap 5 | . . 2 3 . Drop 11 | . 1 3 7 . Fire 117 | . 47 18 44 8 Melee 3 | . . . 2 1 Ram 3 | . . 2 1 . Kick . | . . . . . Crush . | . . . . . Escape Stasis . | . . . . . Rewire . | . . . . . Trap . | . . . . . Miscellaneous . | . . . . . Route ------- -11/Junkyard -10/Materials -10/Mines -9/Materials -8/Materials History --------- Turn | Location | Event 21 | -11/Junkyard | Discovered new exit (range 15) 34 | -11/Junkyard | Entered Materials 213 | -10/Materials | Discovered new exit (range 9) 254 | -10/Materials | Entered Mines 315 | -10/Mines | Build established: Mutant 355 | -10/Mines | Core integrity fell below 50% 382 | -10/Mines | Lost 3 parts (1p1n1w) 397 | -10/Mines | Met a Derelict shopkeep closing up shop 594 | -10/Mines | Learned location of Storage (-8) 826 | -10/Mines | Found a damaged Exp. Sensor Array with a note attached 851 | -10/Mines | Discovered new exit (range 14) 869 | -10/Mines | Entered Materials 869 | -9/Materials | Evolved 2 slots: Propulsion x1, Weapon x1 1348 | -9/Materials | Discovered new exit (range 3) 1355 | -9/Materials | Entered another Materials area 1355 | -8/Materials | Evolved 2 slots: Propulsion x1, Utility x1 1460 | -8/Materials | Core integrity fell below 50% 1475 | -8/Materials | Core integrity fell below 20% 1480 | -8/Materials | Self-destructed Last Messages --------------- LOCATION=UNKNOWN GOAL=ESCAPE 01422_ K-01 Serf collects debris. 01429_ L-31 Rogue knocked back. 01431_ Mining Laser destroyed. 01433_ Lgt. Assault Rifle destroyed. 01433_ Sensor Array destroyed. 01434_ L-31 Rogue knocked back. 01436_ Flak Cannon destroyed. 01436_ Imp. Ion Engine destroyed. 01438_ Com. Wheel destroyed. 01441_ L-31 Rogue destroyed. 01441_ Critical hit (Burn: +37). 01445_ Airjet destroyed. 01449_ Acquired 2 matter. 01454_ Critical hit (Burn: +37). 01461_ Beam Rifle destroyed. 01462_ Lgt. Assault Rifle destroyed. 01463_ Critical hit (Burn: +37). 01480_ Hammer destroyed. Map ----- +----------------------------------------------------+ | ????????????????????????????????????????????? | | ????????????????????????????????????????????? | | ????????????????????????????????????????????? | | ????????????????????????????????????????????? | | ????????????????????????????????????????????? | | ????????????????????????????????????????????? | | ????????????????????????????????????????????? | | ????????????????????????????????????????????? | | ????????????????????????????????????????????? | | ????????????????????????????????????????????? | | ????????????????????????? ??????????????????? | | ????????????????????????? ??????????????????? | | ????????????????????????? ??????????????????? | | ????????????????????????# ??????????????????? | | ???????????????????????##/####??????????????? | | ???????????????????????#! [ ??????????????? | | ???????????????????????# ""?????????????? | | ??????????????????###### = ""?????????????? | | ????????????????### !# "??????????????? | | ????????????????? # ??????????????? | | ?????????????????? T + ???????????????? | | ??????????????????? ? ???????????????? | | ???????????????????# #?? ????????????????? | | ???????????????????# g#?? ????????????????? | | ???????????????????# Y####+#????????######### | | ???????????#########@ g ########## | | ???????????+ a + | | ???????????#########;####/########### | | ??????????????# #?????????# """ """ | | ??????????????# #?????????# """ """ | | ??????????????# #?????????# """ """ | | ??????????????# #?????????# | | ??????????????# #?????????# "T" | | ??????????????# #?????????######### | | ??????????????# #?????????????????? | | ??????????????#############?????????????????? | | | | | | | | | | | | | | | | | | | | | | | | | | | | | +----------------------------------------------------+ Best States ------------- Heat Dissipation 31 Energy Generation 12 Energy Capacity 265 Matter Stores 244 Matter Capacity 300 Sight Range 16 Robot Scan Range 14 Terrain Scan Density 10 Evasion (%) 52 Item Schematics ----------------- None Robot Schematics ------------------ None Fabricated ------------ Nothing Alien Tech Used ----------------- None Achievements -------------- None Challenges ------------ None Game ------ Seed MolecularHugeProtomatter Manual? 0 Play Time 00:18:59 Cumulative 8.4 hours Start 2023.09.10 @ 18:52:38 End 2023.09.10 @ 19:10:44 Sessions 1 Manual Loads 0 Difficulty Rogue Special Mode None Game No. 53 Rogue 53 Adventurer 0 Explorer 0 Win Type - Total 0 Types 0/0/0/0/0/0/0/0/0 Lore% 12 Gallery% 16 Achievement% 13 Wizard Run 0 Options --------- ASCII 1 Keyboard 0 Movement Mouse Keybinds 0 Fullscreen 1 Font 18/SmallcapsGlow Map View 76x50 Tactical HUD 1 Map Filters NONE Filters NONE Steam 1 RUN: 7ae89452-73fd-480a-ba37-9fe05b58ca89